AoeStats
← renatomuzzi

MegaRandom

509955381Analyzed
3v3 RM · 2d ago on Sep 28, 2026· 72m 26s· 6 players
Game mode
Random Map
Map size
Normal (6 player)
Population
200
Speed
Normal
Resources
Standard
Victory
Conquest
Starting age
Dark Age
Ending age
Imperial Age
RankedLock teamsTeams togetherTeam positionsShared explorationLock speedFull tech treeHidden civsTurbo modeCheats
Victory
Defeat
🇦🇷 Bohemians · Argentina
310
+23
🇦🇷 Teutons · Argentina
294
+24
🇦🇷 Japanese · Argentina
291
+24
🇮🇱 Bohemians · Israel
522
-26
🇹🇷 Turks · Türkiye
501
-24
🇧🇷 Lithuanians · Brazil
412
-21
renatomuzzi
0:33 Loom
8:52 Feudal Age
10:51 Double-Bit Axe
14:47 Gold Mining
15:03 Arson
18:50 Stone Mining
19:52 Town Watch
22:02 Horse Collar
25:42 Padded Archer Armor
25:33 Fletching
30:54 Castle Age
32:22 Wheelbarrow
32:30 Husbandry
34:22 Crossbowman
36:14 Pikeman
36:54 Squires
38:25 Squires
39:58 Stone Shaft Mining
42:41 Leather Archer Armor
42:21 Bodkin Arrow
42:27 Scale Mail Armor
42:33 Scale Barding Armor
42:39 Forging
44:04 Town Patrol
45:50 Chain Barding Armor
50:11 Imperial Age
48:43 Thumb Ring
49:11 Heavy Plow
49:24 Bow Saw
52:00 Ring Archer Armor
51:31 Bracer
51:47 Chain Mail Armor
51:13 Cavalier
53:28 Hoardings
53:13 Conscription
55:09 Iron Casting
55:24 Plate Barding Armor
55:39 Conscription
54:42 Halberdier
57:10 Hand Cart
57:42 Paladin
60:18 Crop Rotation
61:28 Elite Skirmisher
63:16 Fervor
63:07 Atonement
63:18 Redemption
63:24 Block Printing
63:31 Sanctity
63:38 Illumination
66:08 Elite Leitis
70:38 Capped Ram
70:42 Onager
71:37 Onager
Omer burak3514
0:42 Loom
12:24 Feudal Age
13:44 Wheelbarrow
12:54 Town Watch
13:56 Double-Bit Axe
14:04 Horse Collar
23:17 Castle Age
24:33 Stone Mining
26:25 Murder Holes
26:51 Ballistics
26:57 Ballistics
28:39 Bloodlines
29:27 Husbandry
37:24 Imperial Age
38:34 Padded Archer Armor
38:24 Fletching
42:20 Elite Janissary
48:02 Caravan
51:01 Artillery
DanielvonLIcht
LAUTY71990
0:52 Loom
13:08 Feudal Age
15:35 Wheelbarrow
14:51 Double-Bit Axe
14:50 Horse Collar
23:52 Town Watch
24:40 Man-at-Arms
29:40 Castle Age
31:50 Hand Cart
36:54 Imperial Age
35:51 Chemistry
60:27 Houfnice
rex77731
0:38 Loom
12:44 Feudal Age
13:22 Double-Bit Axe
15:15 Forging
17:06 Gold Mining
17:09 Stone Mining
18:22 Town Watch
18:32 Horse Collar
22:48 Wheelbarrow
24:00 Man-at-Arms
36:07 Castle Age
37:18 Hand Cart
37:04 Town Patrol
37:39 Bow Saw
37:33 Heavy Plow
38:13 Gold Shaft Mining
37:51 Long Swordsman
38:19 Arson
38:34 Squires
38:19 Gambesons
38:40 Squires
40:21 Iron Casting
39:48 Scale Mail Armor
46:03 Imperial Age
44:30 Pikeman
45:56 Chain Mail Armor
46:38 Halberdier
46:40 Two-Handed Swordsman
47:45 Conscription
46:56 Elite Samurai
48:04 Conscription
49:02 Arson
50:23 Blast Furnace
49:58 Plate Mail Armor
51:18 Hoardings
59:46 Two-Man Saw
71:49 Scale Barding Armor
71:45 Padded Archer Armor
71:35 Fletching
72:54 Chemistry
72:15 Ballistics
72:09 Masonry
71:40 Treadmill Crane
Maurusoscuro
15:29 Feudal Age
16:48 Wheelbarrow
22:22 Double-Bit Axe
25:12 Man-at-Arms
25:21 Man-at-Arms
27:16 Man-at-Arms
31:09 Castle Age
30:19 Horse Collar
35:16 Hand Cart
41:42 Imperial Age
41:48 Imperial Age
39:48 Forging
39:39 Scale Mail Armor
39:47 Scale Barding Armor
42:20 Chain Mail Armor
42:45 Iron Casting
46:36 Cavalier
56:02 Elite Teutonic Knight
60:46 Heavy Plow
61:03 Bow Saw
60:45 Town Watch
Connection lost

Rejoining the realm…

Still unreachable

The connection could not be restored.

Session expired

The server has moved on; the page needs a fresh start.